 Dungeon Crawl Stone Soup version 0.26-a0-631-ged93497179 (webtiles) character file.

Game seed: 2614403856161126518

88 DogServant the Skirmisher (level 4, -1/29 HPs)
             Began as a Tengu Fighter on Sept 11, 2020.
             Slain by a hobgoblin
             ... wielding a +0 war axe
             ... led by Robin
              (12 damage)
             ... on level 2 of the Dungeon.
             The game lasted 00:01:47 (1216 turns).

DogServant the Skirmisher (Tengu Fighter)           Turns: 1216, Time: 00:01:48

Health: -1/29      AC:  6    Str: 17    XL:     4   Next: 54%
Magic:  5/5        EV:  7    Int:  8    God:
Gold:   93         SH:  9    Dex: 14    Spells: 3/3 levels left

rFire    . . .     SeeInvis .   a - +0 war axe
rCold    . . .     Faith    .   c - +0 kite shield
rNeg     . . .     Spirit   .   b - +0 scale mail
rPois    .         Reflect  .   (helmet restricted)
rElec    .         Harm     .   (no cloak)
rCorr    .         Rampage  .   (no gloves)
MR       .....                  (boots unavailable)
Stlth    ..........             (no amulet)
HPRegen  0.09/turn              (no ring)
MPRegen  0.09/turn              (no ring)

@: no status effects
A: beak, talons 3
a: no special abilities


You were on level 2 of the Dungeon.
You visited 1 branch of the dungeon, and saw 2 of its levels.

You collected 93 gold pieces.

Inventory:

Hand Weapons
 a - a +0 war axe (weapon)
Armour
 b - a +0 scale mail (worn)
 c - a +0 kite shield (worn)
 p - a +0 cloak
Jewellery
 f - a cursed ring of attention {unknown}
 g - an uncursed amulet of the acrobat {unknown}
Scrolls
 e - 4 scrolls of teleportation {unknown}
 h - 3 scrolls of remove curse {unknown}
 k - a scroll of enchant weapon {unknown}
 l - a scroll of noise {unknown}
 m - a scroll of fear {unknown}
Potions
 d - a potion of might
 i - a potion of stabbing {unknown}
 j - 3 potions of curing {unknown}
 n - a potion of magic {unknown}
 o - a potion of degeneration {unknown}


   Skills:
 + Level 4.2 Fighting
 + Level 3.7 Axes
 - Level 3.3 Armour
 - Level 3.0 Shields


You had 3 spell levels left.
You didn't know any spells.
Your spell library was empty.

Dungeon Overview and Level Annotations

Branches:
Dungeon (2/15)

Altars:


Innate Abilities, Weirdness & Mutations

You have a beak for a mouth.
You have claws for feet.


Message History

Robin roars a battlecry!
The goblin goes into a battle-frenzy!
Robin barely misses you.
You hear a shout! x2
You slash Robin!
You kill Robin!
A goblin comes into view. It is wielding a -3 club.
The goblin hits you with a +0 club.
You barely miss the goblin. You claw the goblin.
You kill the goblin!
A goblin comes into view. It is wielding a +0 club.
The hobgoblin shouts!
Items here: ) [[ †.
You block the goblin's attack. x2; The hobgoblin barely misses you.
You hit the goblin. Your peck misses the goblin.
The goblin is moderately wounded.
You closely miss the goblin. You hit the hobgoblin but do no damage.
The goblin hits you but does no damage. The goblin closely misses you.
The hobgoblin hits you with a +0 war axe!
You die...

# #.#####..# #..#
..##.###.# #..###.##
#........# #..##..>
#####....## #..##... ##
#..#..# ##...... .
#.....#####....... #.
##.##..##.....##.##
##.######.g...........##...
.........g@##.#####...#####
. #.$....g.##.## ###.#
#.##......)##..# #.#
#.........).##.### #.#
###........))(...####.#####
#.......††##.............
#.........####.####.#####
#.........# #.####...#
#.........# #........#


You could see a hobgoblin (strong) and 2 goblins.

Vanquished Creatures
  Robin (D:2)
  3 adders (D:2)
  4 dart slugs (D:1)
  A leopard gecko (D:1)
  2 ball pythons (D:1)
  2 bats
  A giant cockroach (D:1)
  10 goblins
  5 hobgoblins
  3 jackals (D:1)
  A kobold (D:1)
  A frilled lizard (D:2)
  4 rats (D:1)
38 creatures vanquished.

Notes
Turn   | Place    | Note
-------+----------+-------------------------------------------
     0 | D:1      | DogServant the Tengu Fighter began the quest for the Orb.
     0 | D:1      | Reached XP level 1. HP: 14/14 MP: 2/2
    70 | D:1      | Reached XP level 2. HP: 19/19 MP: 3/3
   428 | D:1      | Reached XP level 3. HP: 16/23 MP: 4/4
  1163 | D:2      | Reached XP level 4. HP: 24/29 MP: 5/5
  1164 | D:2      | Reached skill level 4 in Fighting
  1205 | D:2      | Noticed Robin
  1211 | D:2      | Killed Robin
  1216 | D:2      | Slain by a hobgoblin

Illustrated notes

Levels and vault maps discovered:
D:1:      lightli_arrival_windingriver, layout_rooms,
          hangedman_abyss_or_decor_stabs
D:2:      layout_rooms, st_stairs_8, uniq_robin

Skill      XL: |  1  2  3  4 |
---------------+-------------+-----
Axes           | 3 |  3.7
Fighting       | 4 |  4.2
Armour         | |  3.3
Shields        | |  3.0

Action                   |  1- 3 |  4- 6 || total
-------------------------+-------+-------++-------
Melee: War axe           |    64 |    17 ||    81
       Kick              |    12 |     6 ||    18
       Peck              |     7 |       ||     7
Armor: Scale mail        |    37 |     6 ||    43
Dodge: Dodged            |    27 |     6 ||    33
Block: Kite shield       |    51 |     5 ||    56

Table legend: (Time is in decaauts)
 A = Elapsed time spent in this place.
 B = Non-inter-level travel time spent in this place.
 C = Inter-level travel time spent in this place.
 D = Time resting spent in this place.
 E = Time spent auto-exploring this place.
 F = Levels seen in this place.
 G = Mean time per level.
                   A        B        C        D        E       F      G
               +--------+--------+--------+--------+--------+-----+--------+
         Total |   1249 |   1224 |     25 |    224 |    756 |   2 |  624.5 |
       Dungeon |   1249 |   1224 |     25 |    224 |    756 |   2 |  624.5 |
               +--------+--------+--------+--------+--------+-----+--------+

Top non-repeatable levels by time:
     D:1: 806 daAuts
     D:2: 443 daAuts
